 Dungeon Crawl Stone Soup version 0.29-a0-676-ga64570c9d2 (webtiles) character file.

Game seed: 8664579075725845162

19426 IdlyInterested the Cleaver (level 12, -28/96 HPs)
             Began as a Demonspawn Gladiator on June 23, 2022.
             Annihilated by a titanic slime creature (81 damage)
             ... on level 12 of the Dungeon on June 24, 2022.
             The game lasted 00:40:52 (12501 turns).

IdlyInterested the Cleaver (Demonspawn Gladiator)  Turns: 12501, Time: 00:40:52

Health: -28/96     AC: 23    Str: 23      XL:     12   Next: 36%
Magic:  0/12       EV: 10    Int:  8 (10) God:
Gold:   645        SH:  0    Dex: 17      Spells: 11/11 levels left

rFire   . . .      SeeInvis .   a - +1 war axe (spect)
rCold   + . .      Faith    .   (no shield)
rNeg    . . .      Spirit   +   A - +2 plate armour {rC+}
rPois   .          Reflect  .   c - +1 helmet
rElec   .          Harm     .   p - +1 cloak
rCorr   .          Rampage  .   (gloves unavailable)
Will    .....                   (no boots)
Stlth   ..........              T - amulet of guardian spirit
HPRegen 0.26/turn               w - +4 ring of slaying
MPRegen 0.13/turn               P - +6 ring of strength

@: studying Dodging
A: rugged brown scales 2, foul stench 2, demonic magic 3, demonic touch 3
a: no special abilities


You were on level 12 of the Dungeon.
You visited 2 branches of the dungeon, and saw 14 of its levels.
You also visited: Ossuary.

You collected 925 gold pieces.
You spent 280 gold pieces at shops.

Inventory:

Hand Weapons
 a - a +1 spectral war axe (weapon)
 k - a +3 hand axe
 J - a +3 hand axe
 L - a +4 morningstar of freezing
 N - a +2 hand axe
 O - a +5 battleaxe
Missiles
 b - 8 boomerangs (quivered)
 d - 8 throwing nets
 e - 3 javelins
 j - 27 poisoned darts
 I - 2 curare-tipped darts
Armour
 c - a +1 helmet (worn)
 p - a +1 cloak (worn)
 A - a +2 plate armour of cold resistance (worn)
 U - a +1 hat
Jewellery
 m - a ring of magical power
 w - a +4 ring of slaying (left hand)
 B - a ring of ice
 F - the amulet of Kiseuz {Faith Harm Str+2 Stlth+}
   (You took it off a gnoll on level 5 of the Dungeon)

   [amulet of faith]

   It allows you to gain divine favour quickly.
   Str:       It affects your strength (+2).
   Harm:      It increases damage dealt and taken.
   Stlth:     It makes you more stealthy.
 G - an amulet of magic regeneration
 P - a +6 ring of strength (right hand)
 T - an amulet of guardian spirit (around neck)
Wands
 y - a wand of paralysis (11)
 C - a wand of digging (5)
 E - a wand of iceblast (7)
 W - a wand of mindburst (2)
Scrolls
 g - 2 scrolls of fear
 h - 2 scrolls of amnesia
 n - 4 scrolls of identify
 r - 3 scrolls of teleportation
 u - 2 scrolls of magic mapping
 v - 2 scrolls of fog
 H - a scroll of brand weapon
 K - a scroll of enchant weapon
 V - a scroll of blinking
Potions
 f - 2 potions of flight
 i - 2 potions of attraction
 l - 4 potions of haste
 o - a potion of lignification
 s - 10 potions of curing
 t - 2 potions of might
 x - 5 potions of mutation
 z - a potion of berserk rage
 D - a potion of brilliance
 M - a potion of ambrosia
 R - a potion of invisibility
Miscellaneous
 Q - a piece from Xom's chessboard (15/15)
 S - a tin of tremorstones (2/2)


   Skills:
 * Level 7.9 Fighting
 + Level 10.7 Axes
 - Level 1.7 Throwing
 + Level 9.9 Armour
 - Level 6.0 Dodging
 - Level 1.0 Stealth
 - Level 8.0 Unarmed Combat
 * Level 4.4 Evocations


You had 11 spell levels left.
You didn't know any spells.
Your spell library contained the following spells:

 Spells                   Type           Power      Damage    Failure   Level
 Shock                    Conj/Air       0%         1d3       99%         1
 Conjure Flame            Conj/Fire      0%         6-21      100%        3
 Ignite Poison            Fire/Tmut/Pois 0%         N/A       100%        3
 Stone Arrow              Conj/Erth      0%         3d7       100%        3
 Summon Guardian Golem    Hex/Summ       0%         N/A       100%        3
 Swiftness                Air            0%         N/A       100%        3
 Airstrike                Air            0%         N/A       100%        4
 Animate Armour           Summ/Erth      0%         N/A       100%        4
 Animate Dead             Necr           0%         N/A       100%        4
 Sticky Flame             Conj/Fire      0%         2d3       100%        4
 Summon Ice Beast         Ice/Summ       0%         N/A       100%        4
 Blade Hands              Tmut           0%         N/A       100%        5
 Borgnjor's Vile Clutch   Necr/Erth      0%         N/A       100%        5
 Irradiate                Conj/Tmut      0%         3d13      100%        5
 Summon Mana Viper        Hex/Summ       0%         N/A       100%        5
 Death Channel            Necr           0%         N/A       100%        6
 Dragon Form              Tmut           0%         N/A       100%        7
 Monstrous Menagerie      Summ           0%         N/A       100%        7
 Orb of Destruction       Conj           0%         9d5       100%        7
 Spellforged Servitor     Conj/Summ      0%         N/A       100%        7
 Lehudib's Crystal Spear  Conj/Erth      0%         10d2      100%        8


Dungeon Overview and Level Annotations

Branches:
Dungeon (13/15)            Temple (1/1) D:4            Lair (0/6) D:10
    Orc (0/2) D:12        Ossuary (visited)
 Vaults: D:13-14

Altars:
Ashenzari
Cheibriados
Dithmenos
Elyvilon
Fedhas
Gozag
Hepliaklqana
Kikubaaqudgha
Makhleb
Nemelex Xobeh
Okawaru
Qazlal
Ru
Sif Muna
Trog
Uskayaw
Vehumet
Wu Jian
Xom
Yredelemnul
Zin
The Shining One

Shops:
D:5 *   D:10 *:

Portals:
Trove: D:11 (give 18 potions of curing)


Innate Abilities, Weirdness & Mutations

You are mostly covered in rugged brown scales. (AC +2, +5% HP)
You sometimes emit foul miasma when damaged in melee.
Spells you cast and wands you use may paralyse nearby enemies.
Your touch may irresistibly damage your foes and sap their willpower.


Message History

You sap its willpower!
You punch the enormous slime creature!
You kill the enormous slime creature!
You feel your intelligence returning.
Unknown command.
Things that are here:
a +0 long sword; a +0 leather armour You now have 645 gold pieces (gained 20).
I - 2 curare-tipped darts (gained 1)
You start resting.
Magic restored.
You open the door.
A troll and 5 slime creatures come into view.
The troll shouts!
The slime creature quivers. x4
A slime creature comes into view.
Found a staircase to the Orcish Mines.
The slime creature quivers.
You slash the slime creature!
The slime creature is moderately wounded.
Two slime creatures merge to form a large slime creature.
Two slime creatures merge to form a very large slime creature.
You hit the very large slime creature.
The very large slime creature is lightly wounded.
You hit the very large slime creature.
The very large slime creature is lightly wounded.
Two slime creatures merge to form an enormous slime creature.
Two slime creatures merge to form a titanic slime creature.
You slash the titanic slime creature!
The titanic slime creature is lightly wounded.
You slice the titanic slime creature!!
You touch the titanic slime creature!
You sap its willpower!
You punch the titanic slime creature!
The titanic slime creature is moderately wounded.
Your +1 spectral war axe hits the titanic slime creature!
The titanic slime creature hits you!!!
You slash the titanic slime creature!
The titanic slime creature is moderately wounded.
Your +1 spectral war axe hits the titanic slime creature!
The titanic slime creature hits you!!!!
Ouch! That really hurt!
You die...

###.# ## #...# ##.###
#..# ####.##### ##+
#.....)..### ....
#..........#### .....
#........#...(##......
#........####@JTJ.....
####.##### ####......
#.. ##+># ##.# .# .#
.#


You could see a titanic slime creature (weak-willed), a slime creature, a troll
and a friendly +1 spectral war axe (summoned).

Vanquished Creatures
  Frances (D:12)
  Harold (D:9)
  A hydra (D:12)
  Erolcha (D:11)
  2 two-headed ogres
  A komodo dragon (D:10)
  2 trolls
  4 hornets
  Prince Ribbit (D:7)
  6 slime creatures
  2 shadows
  2 wraiths
  A basilisk (D:10)
  5 wyverns
  21 yaks
  4 vampire mosquitoes (D:10)
  4 water moccasins
  3 black bears
  3 orc warriors
  Pargi (D:3)
  3 ice beasts
  2 hornet zombies (Ossuary)
  A sky beast (D:7)
  5 ogres (D:5)
  2 centaurs
  5 kobold brigands (D:9)
  A necrophage (D:6)
  A gnoll sergeant (D:6)
  5 bullfrogs
  A scorpion (D:10)
  A wyvern zombie (Ossuary)
  5 water moccasin zombies (Ossuary)
  33 wights
  9 killer bees
  5 howler monkeys
  2 bullfrog zombies (Ossuary)
  2 centaur zombies (Ossuary)
  A hound (D:5)
  A jelly (D:7)
  4 orc priests
  2 gnoll shamans
  Natasha (thrice) (D:2)
  Terence (D:2)
  2 iguanas
  6 orc wizards
  A statue (D:4)
  A killer bee zombie (Ossuary)
  19 mummies
  5 howler monkey zombies (Ossuary)
  9 gnolls
  9 adders
  2 white imps
  An ufetubus (D:6)
  A worm (D:4)
  14 orcs
  An endoplasm (D:2)
  5 giant cockroaches
  7 goblins
  5 hobgoblins
  3 jackals (D:1)
  17 kobolds
  5 quokkas
  3 ball pythons
  8 bats
  6 frilled lizards
  A goblin zombie (D:4)
  An orc zombie (D:4)
  3 rats
296 creatures vanquished.

Vanquished Creatures (others)
  2 plants (D:10)
  4 withered plants (Ossuary)
6 creatures vanquished.

Grand Total: 302 creatures vanquished

Notes
Turn   | Place    | Note
-------+----------+-------------------------------------------
     0 | D:1      | IdlyInterested the Demonspawn Gladiator began the quest for
                  | the Orb.
     0 | D:1      | Reached XP level 1. HP: 16/16 MP: 1/1
   228 | D:1      | Reached skill level 3 in Axes
   241 | D:1      | Gained mutation: You may rarely emit foul miasma when
                  | damaged in melee. [demonic ancestry]
   241 | D:1      | Reached XP level 2. HP: 10/22 MP: 2/2
   672 | D:1      | Reached skill level 1 in Armour
  1131 | D:1      | Found a faded altar of an unknown god.
  1705 | D:2      | Gained mutation: Your touch may inflict minor irresistible
                  | damage on your foes. [demonic ancestry]
  1705 | D:2      | Reached XP level 3. HP: 25/27 MP: 3/3
  1721 | D:2      | Noticed Terence
  1722 | D:2      | Noticed Natasha
  1726 | D:2      | Killed Natasha
  1727 | D:2      | Reached skill level 1 in Unarmed Combat
  1727 | D:2      | Killed Terence
  1728 | D:2      | Gained mutation: You are partially covered in rugged brown
                  | scales. (AC +1, +3% HP) [demonic ancestry]
  1728 | D:2      | Reached XP level 4. HP: 18/33 MP: 4/4
  1956 | D:2      | Noticed Natasha
  1964 | D:2      | Killed Natasha
  2384 | D:2      | Noticed Natasha
  2386 | D:2      | Killed Natasha
  2387 | D:2      | Gained mutation: You are mostly covered in rugged brown
                  | scales. (AC +2, +5% HP) [demonic ancestry]
  2387 | D:2      | Reached XP level 5. HP: 33/39 MP: 5/5
  2548 | D:3      | Reached skill level 4 in Axes
  3056 | D:3      | Noticed Pargi
  3066 | D:3      | Killed Pargi
  3067 | D:3      | Gained mutation: Your touch may inflict irresistible damage
                  | on your foes. [demonic ancestry]
  3067 | D:3      | Reached XP level 6. HP: 44/46 MP: 6/6
  3386 | D:4      | Found a sand-covered staircase.
  3396 | Ossuary  | Entered an ossuary
  3470 | Ossuary  | Gained mutation: Spells you cast may paralyse adjacent
                  | enemies. [demonic ancestry]
  3470 | Ossuary  | Reached XP level 7. HP: 10/53 MP: 7/7
  3482 | Ossuary  | Reached skill level 5 in Axes
  3493 | Ossuary  | Reached skill level 1 in Evocations
  3609 | Ossuary  | Reached skill level 6 in Axes
  3691 | Ossuary  | Gained mutation: Spells you cast may paralyse nearby
                  | enemies. [demonic ancestry]
  3691 | Ossuary  | Reached XP level 8. HP: 36/60 MP: 8/8
  4079 | D:4      | Found a staircase to the Ecumenical Temple.
  4144 | D:4      | Reached skill level 5 in Armour
  4177 | D:4      | Found a radiant altar of Vehumet.
  4307 | Temple   | Entered the Ecumenical Temple
  5008 | D:4      | Upgraded the game from 0.29-a0-668-g12ee2bf84d to
                  | 0.29-a0-676-ga64570c9d2
  5023 | D:5      | Entered Level 5 of the Dungeon
  5083 | D:5      | Reached skill level 7 in Axes
  5288 | D:5      | Found Ehucompu's Assorted Antiques.
  5293 | D:5      | Bought an ivory wand for 100 gold pieces
  5293 | D:5      | Bought an orange potion for 22 gold pieces
  5293 | D:5      | Bought a metallic orange potion for 22 gold pieces
  5365 | D:5      | Gained mutation: Spells you cast and wands you use may
                  | paralyse nearby enemies. [demonic ancestry]
  5365 | D:5      | Reached XP level 9. HP: 68/68 MP: 9/9
  5406 | D:5      | Identified the amulet of Kiseuz {Faith Harm Str+2 Stlth+}
  5603 | D:5      | Reached skill level 5 in Unarmed Combat
  6132 | D:6      | Found a shimmering blue altar of Sif Muna.
  6405 | D:6      | Reached skill level 5 in Fighting
  6996 | D:7      | Found a shimmering altar of Xom.
  6996 | D:7      | Found a shimmering altar of Xom.
  7024 | D:7      | Found a shimmering altar of Xom.
  7024 | D:7      | Found a shimmering altar of Xom.
  7028 | D:7      | Found a shimmering altar of Xom.
  7030 | D:7      | Found a shimmering altar of Xom.
  7055 | D:7      | Noticed Prince Ribbit
  7065 | D:7      | Reached skill level 8 in Axes
  7065 | D:7      | Reached skill level 1 in Stealth
  7065 | D:7      | Killed Prince Ribbit
  7469 | D:7      | Reached XP level 10. HP: 77/77 MP: 10/10
  8609 | D:8      | Reached skill level 9 in Axes
  8777 | D:8      | Found a snail-covered altar of Cheibriados.
  8777 | D:8      | Found an opulent altar of Gozag.
  8982 | D:9      | Noticed Harold
  8997 | D:9      | Killed Harold
  9030 | D:9      | Gained mutation: You sometimes emit foul miasma when
                  | damaged in melee. [demonic ancestry]
  9030 | D:9      | Reached XP level 11. HP: 15/84 MP: 11/11
  9764 | D:9      | Paralysed by an orc priest for 4 turns
  9771 | D:9      | Reached skill level 10 in Axes
 10428 | D:9      | Found a hazy altar of Hepliaklqana.
 10430 | D:9      | Found a shadowy altar of Dithmenos.
 10527 | D:10     | Entered Level 10 of the Dungeon
 10916 | D:10     | Found a staircase to the Lair.
 10975 | D:10     | Found Woafuo's Assorted Antiques.
 10979 | D:10     | Bought a fluorescent wand for 136 gold pieces
 11022 | D:10     | Reached skill level 5 in Dodging
 11187 | D:10     | Found Popseam's Book Shop.
 11823 | D:11     | Noticed a two-headed ogre
 11828 | D:11     | Killed a two-headed ogre
 11828 | D:11     | Noticed Erolcha
 11829 | D:11     | Gained mutation: Your touch may irresistibly damage your
                  | foes and sap their willpower. [demonic ancestry]
 11829 | D:11     | Reached XP level 12. HP: 84/95 MP: 8/12
 11834 | D:11     | Killed Erolcha
 12294 | D:11     | Found a portal to a secret trove of treasure.
 12321 | D:11     | You fall into a shaft and drop 2 floors!
 12336 | D:12     | Identified a scroll of acquirement
 12346 | D:12     | Acquired a manual of Dodging
 12370 | D:12     | Noticed a two-headed ogre
 12376 | D:12     | Killed a two-headed ogre
 12424 | D:12     | Noticed an eight-headed hydra
 12432 | D:12     | Killed an eight-headed hydra
 12450 | D:12     | Noticed Frances
 12461 | D:12     | Killed Frances
 12494 | D:12     | Found a staircase to the Orcish Mines.
 12501 | D:12     | Annihilated by a titanic slime creature

Illustrated notes

Levels and vault maps discovered:
D:1:      elethiomel_arrival_quiet, layout_loops_ring,
          nicolae_ecumenical_lake_church
D:2:      layout_loops_ring, chequers_serial_rivers_micro_a, uniq_terence,
          uniq_natasha
D:3:      layout_loops_ring, uniq_pargi
D:4:      layout_cave_pools, vehumet_statue, temple_fountains, serial_forest,
          infiniplex_forest_straight_4, infiniplex_forest_split,
          infiniplex_forest_end_double, infiniplex_forest_lined_ring,
          infiniplex_forest_straight_4, infiniplex_forest_lined_3,
          portal_sewer_entry_f, nicolae_ossuary_entry_giza, chequers_mini_garden
D:5:      kennysheep_spiral_hall, layout_rooms, serial_shops,
          nicolae_shop_hallway_plus, kennysheep_boxes
D:6:      layout_cave_pools, led_sif_book, serial_column_ruins,
          column_ruins_circle_small, column_ruins_square_medium,
          column_ruins_open_tiny, column_ruins_columns_corner,
          column_ruins_columns_corner, column_ruins_open_small_water,
          column_ruins_grid_1, kennysheep_decorative_pillar
D:7:      layout_cave_pools, xom_shifter_show, nicolae_benzene_ring, hex_tiny,
          uniq_prince_ribbit1
D:8:      layout_rooms, gammafunk_temple_overflow_wave, bh_walls_and_bars
D:9:      layout_rooms, riverfiend_overflow_shadow_ancestor,
          minmay_alternating_orb, uniq_harold
D:10:     layout_irregular_city, minmay_lair_entry_grove, serial_shops, shop,
          shop
D:11:     layout_loops_ring, nicolae_trove_entry_crystal,
          hangedman_decor_growths, uniq_erolcha
D:12:     layout_roguey [special_room_bee], orc_0_dummy, drop_trap, uniq_frances
D:13:     layout_loops_ring
Temple:   regret_index_temple_waves

Skill      XL: |  1  2  3  4  5  6  7  8  9 10 11 12 |
---------------+-------------------------------------+-----
Axes           | 3 4 6 7 8 9 10 | 10.7
Armour         | 1 2 3 4 5 6 8 9 |  9.9
Unarmed Combat | 1 2 3 4 5 7 8 |  8.0
Fighting       | 3 4 5 6 7 |  7.9
Evocations     | 1 3 4 |  4.4
Dodging        | 3 5 6 |  6.0
Stealth        | 1 |  1.0
Throwing       | |  1.7

Action                   |  1- 3 |  4- 6 |  7- 9 | 10-12 || total
-------------------------+-------+-------+-------+-------++-------
Melee: War axe           |    90 |    71 |   170 |   263 ||   594
       Punch             |     1 |     1 |     4 |    18 ||    24
       Touch             |     1 |    12 |    49 |    60 ||   122
       Unarmed           |       |       |       |     2 ||     2
Throw: Boomerang         |       |     1 |     5 |    12 ||    18
       Javelin           |       |       |       |     1 ||     1
       Dart              |       |       |       |     3 ||     3
Evoke: Wand              |       |       |       |     2 ||     2
  Use: Scroll            |     3 |     9 |    12 |     4 ||    28
       Potion            |     3 |       |     3 |     2 ||     8
 Stab: Distracted        |       |     1 |     1 |     2 ||     4
       Paralysed         |       |       |       |     2 ||     2
Armor: Leather armour    |    21 |       |       |       ||    21
       Ring mail         |    19 |       |       |       ||    19
       Scale mail        |    12 |       |       |       ||    12
       Chain mail        |       |    51 |    45 |       ||    96
       Plate armour      |       |       |    82 |   180 ||   262
Dodge: Dodged            |    78 |    28 |    51 |   106 ||   263

Table legend: (Time is in decaauts)
 A = Elapsed time spent in this place.
 B = Non-inter-level travel time spent in this place.
 C = Inter-level travel time spent in this place.
 D = Time resting spent in this place.
 E = Time spent auto-exploring this place.
 F = Levels seen in this place.
 G = Mean time per level.
                   A        B        C        D        E       F      G
               +--------+--------+--------+--------+--------+-----+--------+
         Total |  12648 |  12025 |    623 |   3023 |   6552 |  15 |  843.2 |
       Dungeon |  11823 |  11200 |    623 |   2925 |   6090 |  13 |  909.5 |
        Temple |    126 |    126 |      0 |      0 |     96 |   1 |  126.0 |
       Ossuary |    698 |    698 |      0 |     98 |    365 |   1 |  698.0 |
               +--------+--------+--------+--------+--------+-----+--------+

Top non-repeatable levels by time:
     D:1: 1639 daAuts
     D:9: 1565 daAuts
    D:10: 1282 daAuts
     D:7: 1158 daAuts
     D:4: 1053 daAuts
     D:5: 1012 daAuts
     D:2: 928 daAuts
     D:3: 834 daAuts
     D:6: 831 daAuts
     D:8: 829 daAuts
 Ossuary: 698 daAuts
    D:11: 511 daAuts
    D:12: 170 daAuts
  Temple: 126 daAuts
    D:13: 6 daAuts
